 Dungeon Sprint DCSS version 0.17-a0-1674-g2b13139 (webtiles) character file.

72 Kidiri the Sneak (level 4, -8/21 HPs)
             Began as a Spriggan Enchanter on Aug 18, 2015.
             Mangled by a water elemental (19 damage)
             ... in the Dungeon (Sprint III: "The Ten Rune Challenge").
             The game lasted 00:03:34 (485 turns).

Kidiri the Sneak (Spriggan Enchanter)                Turns: 485, Time: 00:03:35

Health: -8/21      AC:  5    Str:  4    XL:     4   Next: 7%
Magic:  9/12       EV: 22    Int: 16    God:
Gold:   24         SH:  0    Dex: 17    Spells: 5 memorised, 2 levels left

rFire  . . .     SeeInvis +     a - +1 dagger
rCold  . . .     Clarity  .     b - +1 robe
rNeg   . . .     SustAt   .     (shield restricted)
rPois  .         Gourm    .     (helmet restricted)
rElec  .         Spirit   .     (no cloak)
rCorr  .         Warding  .     (gloves unavailable)
rMut   .         NoTele   +     (boots unavailable)
MR     .....                    (no amulet)
Stlth  ++++......               (no ring)
                                (no ring)

@: very slightly contaminated, very quick, not resistant to hostile
enchantments, stealthy
A: unfitting armour, horns 2, slimy green scales 1, see invisible, herbivore 3,
speed 3, screaming 1, slow metabolism 2, MP-powered wands
a: no special abilities


You were in the Dungeon.
You were not hungry.

You visited 1 branch You collected 24 gold pieces.

Inventory:

Hand weapons
 a - a +1 dagger (weapon)
Armour
 b - a +1 robe (worn)
Scrolls
 j - a scroll of blinking
 n - 4 scrolls of remove curse
 r - a scroll of immolation
Potions
 e - 2 potions of curing
 f - a potion of heal wounds
 g - a potion of haste
 h - 2 potions of magic
 i - a potion of berserk rage
 p - 4 potions of cure mutation
 q - 4 potions of flight
Comestibles
 d - a bread ration
 o - a royal jelly
 t - 4 fruits


   Skills:
 + Level 2.9 Short Blades
 * Level 6.2 Dodging
 * Level 7.5 Stealth
 * Level 5.5 Spellcasting
 + Level 0.0 Conjurations
 + Level 4.7 Hexes
 + Level 1.1 Ice Magic


You had 2 spell levels left.
You knew the following spells:

 Your Spells              Type           Power        Failure   Level  Hunger
a - Corona                Hex            ###....      1%          1    None
b - Ensorcelled Hibernat  Hex/Ice        ##....       10%         2    #......
c - Confuse               Hex            ###.....     8%          3    ###....
d - Tukima's Dance        Hex            ###.....     8%          3    ###....
e - Dazzling Spray        Conj/Hex       ##......     17%         3    ###....


Dungeon Overview and Level Annotations

Branches:
Dungeon (1/1)

Altars:


Innate Abilities, Weirdness & Mutations

You are tiny and cannot use many weapons and most armour.
You have supernaturally acute eyesight.
You are a herbivore.
You cover ground extremely quickly.
You need consume almost no food.
You have a pair of horns on your head.
You are partially covered in slimy green scales (AC +2).
You occasionally shout uncontrollably at your foes.
You expend magic power (3 MP) to strengthen your wands.


Message History

You start resting.
Your magical contamination has completely faded away.
You start resting.
Magic restored.
You open the door.
There is an open door here.
You are a level 4 Spriggan Enchanter.
You are 7% of the way to level 5.
Play time: 00:03:32 (485 turns) Unknown command.
Unknown command.
Casting: Dazzling Spray
Confirm with . or Enter, or press ? or * to list all spells.
Aiming: Dazzling Spray
Press: ? - help, Shift-Dir - straight line, f/p - water elemental
Aim: a water elemental (severely damaged)
You miscast Dazzling Spray.
You are very lightly contaminated with residual magic.
Your skin glows momentarily.
The water elemental hits you!!
Ouch! That really hurt!
You die...

▓.....#....≈♣♣♣♣..###+#
▓.....#...≈≈...♣♣.#....
▓.....#..≈≈≈≈♣♣♣♣.'.⌠..
▓####'#..≈≈≈≈≈≈...#...#
▓.....#.≈≈≈≈≈≈....#.⌠.#
▓.....#.≈≈≈≈≈.....#...#
▓.....#.≈≈≈.......#+###
▓'#####E..........#
▓.....@...........#
▓▓▓▓▓▓▓▓▓▓▓▓▓▓▓▓▓▓▓


You could see a water elemental.

Vanquished Creatures
  A scorpion (D)
  A human (D)
  An ooze (D)
  3 rats (D)
6 creatures vanquished.

Vanquished Creatures (others)
  2 draconian scorchers (D)
  A yaktaur (D)
3 creatures vanquished.

Grand Total: 9 creatures vanquished

Notes
Turn   | Place    | Note
--------------------------------------------------------------
     0 | D        | Kidiri the Spriggan Enchanter began the quest for the Orb.
     0 | D        | Reached XP level 1. HP: 9/9 MP: 5/5
     4 | D        | Reached skill level 5 in Stealth
    96 | D        | Reached skill level 6 in Stealth
    96 | D        | Reached XP level 2. HP: 7/13 MP: 4/8
    96 | D        | Killed a yaktaur
   100 | D        | Learned a level 2 spell: Ensorcelled Hibernation
   227 | D        | Killed a white draconian scorcher
   235 | D        | Noticed a scorpion
   253 | D        | Killed a scorpion
   253 | D        | Reached skill level 7 in Stealth
   253 | D        | Reached skill level 5 in Spellcasting
   253 | D        | Reached skill level 1 in Ice Magic
   253 | D        | Reached XP level 3. HP: 16/16 MP: 0/11
   253 | D        | Reached XP level 4. HP: 21/21 MP: 0/12
   258 | D        | Learned a level 3 spell: Confuse
   262 | D        | Learned a level 3 spell: Tukima's Dance
   266 | D        | Learned a level 3 spell: Dazzling Spray
   283 | D        | Killed a white draconian scorcher
   295 | D        | Gained mutation: You have a pair of small horns on your head. [potion of mutation]
   295 | D        | Gained mutation: You occasionally shout uncontrollably at your foes. [potion of mutation]
   295 | D        | Gained mutation: You expend magic power (3 MP) to strengthen your wands. [potion of mutation]
   296 | D        | Gained mutation: You have a pair of horns on your head. [potion of mutation]
   296 | D        | Gained mutation: You are partially covered in slimy green scales (AC +2). [potion of mutation]
   364 | D        | Noticed a water elemental
   485 | D        | Mangled by a water elemental

Vault maps used:
D:        dungeon_sprint_mu

Action                   |  1- 3 |  4- 6 || total
-------------------------+-------+-------++-------
Melee: Dagger            |    22 |     2 ||    24
 Cast: Corona            |     3 |       ||     3
       Ensorcelled Hiber |     4 |       ||     4
       Dazzling Spray    |       |     3 ||     3
  Use: Scroll            |       |     3 ||     3
       Potion            |       |     2 ||     2
 Stab: Sleeping          |     5 |       ||     5
